 Dungeon Crawl Stone Soup version 0.23-b1-86-gba62f8e092 (webtiles) character file.

Game seed: 3985554480314718229

1640 Peloso the Slasher (level 8, -2/71 HPs)
             Began as a Minotaur Fighter on Feb 8, 2019.
             Was a Believer of Okawaru.
             Killed from afar by an electric eel (13 damage)
             ... with a bolt of electricity
             ... on level 6 of the Dungeon.
             The game lasted 00:08:36 (5169 turns).

Peloso the Slasher (Minotaur Fighter)               Turns: 5169, Time: 00:08:37

Health: -2/71      AC: 11    Str: 22    XL:     8   Next: 66%
Magic:  7/7        EV:  7    Int:  8    God:    Okawaru [**....]
Gold:   362        SH: 11    Dex: 11    Spells: 7/7 levels left

rFire    . . .     SeeInvis .   a - +0 long sword
rCold    . . .     Gourm    .   c - +0 shield
rNeg     . . .     Faith    .   q - +0 chain mail
rPois    .         Spirit   .   (helmet restricted)
rElec    .         Reflect  .   (no cloak)
rCorr    .         Harm     .   (no gloves)
MR       .....                  y - +0 pair of boots
Stlth    ..........             (no amulet)
HPRegen  0.21/turn              e - +3 ring of intelligence
MPRegen  0.10/turn              (no ring)

@: no status effects
A: retaliatory headbutt, horns 2
a: Heroism, Renounce Religion


You were on level 6 of the Dungeon.
You worshipped Okawaru.
Okawaru was pleased with you.
You were not hungry.

You visited 1 branch of the dungeon, and saw 6 of its levels.

You collected 362 gold pieces.

Inventory:

Hand Weapons
 a - a +0 long sword (weapon)
Armour
 b - a +0 scale mail
 c - a +0 shield (worn)
 q - a +0 chain mail (worn)
 y - a +0 pair of boots (worn)
Jewellery
 e - a +3 ring of intelligence (left hand)
Scrolls
 g - 7 scrolls of teleportation {unknown}
 h - a scroll of fog {unknown}
 l - 2 scrolls of blinking {unknown}
 m - 9 scrolls of identify {unknown}
 r - 3 scrolls of remove curse {unknown}
 s - 3 scrolls of amnesia {unknown}
 t - 2 scrolls of immolation {unknown}
 u - 2 scrolls of enchant weapon {unknown}
 z - a scroll of fear {unknown}
 A - a scroll of enchant armour {unknown}
Potions
 d - a potion of might
 i - 2 potions of haste {unknown}
 j - 2 potions of ambrosia {unknown}
 k - a potion of curing {unknown}
 n - 3 potions of resistance {unknown}
 o - a potion of agility {unknown}
 p - 3 potions of brilliance {unknown}
 v - a potion of berserk rage {unknown}
 w - 2 potions of heal wounds {unknown}
 x - a potion of degeneration {unknown}
 B - a potion of lignification {unknown}
Comestibles
 f - 11 rations


   Skills:
 + Level 6.5 Fighting
 + Level 7.8 Long Blades
 + Level 6.9 Armour
 + Level 1.7 Dodging
 + Level 1.4 Stealth
 + Level 7.5 Shields
 + Level 0.2 Invocations


You had 7 spell levels left.
You didn't know any spells.
Your spell library was empty.

Dungeon Overview and Level Annotations

Branches:
Dungeon (6/15)
 Temple: D:4-7

Altars:
Dithmenos
Fedhas
Gozag
Nemelex Xobeh
Okawaru
Qazlal
Trog


Innate Abilities, Weirdness & Mutations

You reflexively headbutt those who attack you in melee.
You have a pair of horns on your head.


Message History

Unknown command.
The electric eel shoots out a bolt of lightning at you!
The bolt of electricity hits you! The bolt of electricity hits you.
Your chain mail prevents you from hitting the electric eel.
The electric eel shoots out a bolt of lightning at you!
The bolt of electricity hits you! x2
Your shield and chain mail prevent you from hitting the electric eel.
You headbutt the electric eel.
The electric eel is moderately wounded.
The electric eel shoots out a bolt of lightning at you!
The bolt of electricity hits you!
* * * LOW HITPOINT WARNING * * *
The bolt of electricity hits you.
* * * LOW HITPOINT WARNING * * *
You slash the electric eel!
You headbutt the electric eel, but do no damage.
The electric eel is severely wounded.
The electric eel shoots out a bolt of lightning at you!
The bolt of electricity hits you!
You die... #.P .
P≈≈ ..♣ P PP #PP♣P PP

♣ PP≈♣♣P♣≈≈≈P
#P≈≈≈♣≈♣≈P≈
PP≈♣♣≈♣PP#
##;≈♣≈≈≈PP#
#####.@P≈≈≈P?P#
#......PP≈P≈≈#
.#
#......P≈P≈P.#
#.#
##..###.####.#
..# ###
##)###.##..#
##).......#
#.......##
#......##
#.....##..# .


You could see an electric eel.

Vanquished Creatures
  Grinder (D:5)
  An ice beast (D:6)
  A phantom (D:4)
  An ogre (D:4)
  A centaur (D:6)
  2 bullfrogs (D:6)
  A water moccasin skeleton (D:4)
  2 scorpions
  A howler monkey (D:4)
  A crimson imp (D:5)
  2 jellies
  A centaur zombie (D:4)
  A bullfrog skeleton (D:5)
  3 hounds
  A centaur skeleton (D:6)
  Natasha (twice) (D:2)
  2 iguanas
  Terence (D:2)
  2 orc wizards
  2 worker ants (D:4)
  7 gnolls
  7 adders
  3 shadow imps
  An ooze (D:2)
  3 adder zombies
  2 worms
  4 dart slugs
  2 leopard geckos
  18 orcs
  4 giant cockroaches
  8 goblins
  6 hobgoblins
  10 jackals
  A quokka (D:5)
  A ball python (D:3)
  A ball python skeleton (D:4)
  7 bats
  7 frilled lizards
  A jackal skeleton (D:4)
  10 kobolds
  4 rats
136 creatures vanquished.

Notes
Turn   | Place    | Note
-------+----------+-------------------------------------------
     0 | D:1      | Peloso the Minotaur Fighter began the quest for the Orb.
     0 | D:1      | Reached XP level 1. HP: 19/19 MP: 0/0
   199 | D:1      | Reached XP level 2. HP: 21/27 MP: 1/1
   740 | D:2      | Noticed Natasha
   745 | D:2      | Killed Natasha
   745 | D:2      | Reached XP level 3. HP: 33/33 MP: 2/2
   937 | D:2      | Found a shadowy altar of Dithmenos.
  1103 | D:2      | Noticed Natasha
  1113 | D:2      | Killed Natasha
  1113 | D:2      | Reached XP level 4. HP: 31/40 MP: 3/3
  1330 | D:2      | Found an iron altar of Okawaru.
  1336 | D:2      | Became a worshipper of Warmaster Okawaru
  1342 | D:2      | Found an opulent altar of Gozag.
  1496 | D:2      | Noticed Terence
  1506 | D:2      | Killed Terence
  1741 | D:3      | Reached XP level 5. HP: 35/47 MP: 4/4
  1764 | D:3      | Reached skill level 1 in Dodging
  1974 | D:3      | Reached skill level 5 in Shields
  2533 | D:4      | Reached skill level 5 in Armour
  2533 | D:4      | Reached XP level 6. HP: 54/55 MP: 5/5
  2549 | D:4      | Found a bloodstained altar of Trog.
  2567 | D:4      | Reached * piety under Okawaru
  2614 | D:4      | Found a blossoming altar of Fedhas.
  2741 | D:4      | Reached skill level 5 in Long Blades
  2934 | D:4      | Reached skill level 5 in Fighting
  3122 | D:4      | Reached XP level 7. HP: 61/61 MP: 6/6
  3251 | D:4      | Reached skill level 1 in Stealth
  3274 | D:4      | Reached ** piety under Okawaru
  3606 | D:5      | Entered Level 5 of the Dungeon
  3654 | D:5      | Found a sparkling altar of Nemelex Xobeh.
  3654 | D:5      | Noticed Grinder
  3672 | D:5      | Killed Grinder
  3672 | D:5      | Reached XP level 8. HP: 61/70 MP: 5/7
  4071 | D:5      | Found a stormy altar of Qazlal.
  5169 | D:6      | Killed from afar by an electric eel

Skill      XL: |  1  2  3  4  5  6  7  8 |
---------------+-------------------------+-----
Shields        | 4 5 6 7 |  7.5
Fighting       | 4 5 6 |  6.5
Long Blades    | 3 4 5 6 7 |  7.8
Armour         | 4 5 6 |  6.9
Dodging        | 1 |  1.7
Stealth        | 1 |  1.4
Invocations    | |  0.2

Action                   |  1- 3 |  4- 6 |  7- 9 || total
-------------------------+-------+-------+-------++-------
Melee: Long sword        |    57 |   204 |   186 ||   447
       Headbutt          |     7 |    31 |    54 ||    92
Invok: Heroism           |       |     1 |     1 ||     2
  Eat: Chunk             |       |     7 |     4 ||    11
       Ration            |       |       |     1 ||     1
Armor: Scale mail        |    21 |    24 |       ||    45
       Chain mail        |       |    70 |    82 ||   152
Dodge: Dodged            |    23 |    55 |    40 ||   118
Block: Shield            |    30 |   105 |    89 ||   224
       Rpst.: Long sword |     3 |    15 |     8 ||    26
